 Dungeon Crawl Stone Soup version 0.15.0-11-g6f4f891 (webtiles) character file.

215 MDvedh the Cudgeler (level 5, 0/40 HPs)
             Began as a Minotaur Wanderer on Aug 31, 2014.
             Slain by an ice beast (13 damage)
             ... on Level 3 of the Dungeon.
             The game lasted 00:04:20 (3659 turns).

MDvedh the Cudgeler (Minotaur Wanderer)             Turns: 3659, Time: 00:04:21

HP   0/40        AC  6     Str 15      XL: 5   Next: 60%
MP   2/2         EV  8     Int 10      God:
Gold 111         SH  0     Dex 11      Spells:  0 memorised,  4 levels left

rFire  . . .     SeeInvis .     c - +0 mace
rCold  . . .     Clarity  .     a - +0 scale mail
rNeg   . . .     rCorr    .     (no shield)
rPois  .         rRot     .     (helmet restricted)
rElec  .         Spirit   .     (no cloak)
SustAb .         Warding  .     (no gloves)
rMut   .         Stasis   .     (no boots)
Gourm  .                        (no amulet)
MR     .....                    (no ring)
                                (no ring)

@: not resistant to hostile enchantments, extremely unstealthy
A: retaliatory headbutt, horns 2
a: no special abilities


You were on level 3 of the Dungeon.
You were very hungry.

You visited 1 branch of the dungeon, and saw 3 of its levels.

You collected 111 gold pieces.

Inventory:

Hand weapons
 c - a +0 mace (weapon)
Armour
 a - a +0 scale mail (worn)
Comestibles
 f - 3 bread rations
Scrolls
 b - 3 scrolls of teleportation
 h - a scroll of fear {unknown}
 j - a scroll of remove curse
 k - a scroll of noise {unknown}
Jewellery
 d - an uncursed ring of protection from cold {unknown}
Potions
 e - a potion of magic
 i - a potion of brilliance


   Skills:
 - Level 1.2 Fighting
 + Level 6.8 Maces & Flails
   Level 2.4 Polearms
 - Level 1.0 Throwing
 - Level 2.4 Armour
 - Level 1.1 Dodging
 - Level 1.5 Stealth


You had 4 spell levels left.
You didn't know any spells.

Dungeon Overview and Level Annotations

Branches:
Dungeon (3/15)

Altars:
Ashenzari


Innate Abilities, Weirdness & Mutations

You reflexively headbutt those who attack you in melee.
You have a pair of horns on your head.


Message History

You hit the ice beast but do no damage.
The ice beast is moderately wounded.
The ice beast hits you but does no damage.
You hit the ice beast but do no damage.
The ice beast is moderately wounded.
The ice beast barely misses you.
You hit the ice beast. Your headbutt misses the ice beast.
The ice beast is heavily wounded.
The ice beast hits you but does no damage.
You barely miss the ice beast.
The ice beast is heavily wounded.
The ice beast hits you but does no damage.
You hit the ice beast.
The ice beast is severely wounded.
The ice beast completely misses you. You furiously retaliate!
You headbutt the ice beast, but do no damage.
You barely miss the ice beast.
The ice beast is heavily wounded.
The ice beast hits you. The ice beast freezes you!
You die...

##.......## #.#.#..... #.......#
#.#.#.....
######.......###########.#.#.####
..............)..................
..........########.##....#.#.####
########........##.##....#.#....#
#.######.##.##....#......# #..#
#.##.##....#......# ##(#
#.@Yr.+........#'##
##.########r##...###..#.#. ####
#(........#........#..#.#. ...#
#.#.#####.#r###'#..#..###. ##.#
#.......#.#<....#..#...#8. .#.#
####.##.#.)...#.#.##...... .#.#
#..#.#.....#.#.....##8. .#.#
#..#.#.....#.#####.###. ##.#
#..#.#.....#.......#...


You could see an ice beast, a quokka and a rat.

Vanquished Creatures
  Sigmund (D:3)
  A jelly (D:3)
  3 adders
  A gnoll (D:1)
  A giant mite (D:1)
  A worm (D:3)
  4 giant geckos
  An orc (D:3)
  3 ball pythons
  5 bats
  2 giant cockroaches
  4 hobgoblins
  7 jackals (D:1)
  10 kobolds
  A quokka (D:2)
  2 giant newts
  9 goblins
  2 rats
58 creatures vanquished.

Notes
Turn   | Place    | Note
--------------------------------------------------------------
     0 | D:1      | MDvedh, the Minotaur Wanderer, began the quest for the Orb.
     0 | D:1      | Reached XP level 1. HP: 16/16 MP: 1/1
   483 | D:1      | Reached XP level 2. HP: 15/23 MP: 1/1
   722 | D:1      | Reached skill level 3 in Maces & Flails
   958 | D:1      | Reached XP level 3. HP: 12/28 MP: 2/2
  1225 | D:1      | Reached skill level 4 in Maces & Flails
  1563 | D:2      | Found a shattered altar of Ashenzari.
  2254 | D:3      | Reached XP level 4. HP: 35/35 MP: 2/2
  2465 | D:3      | Reached skill level 5 in Maces & Flails
  3130 | D:3      | Noticed Sigmund
  3170 | D:3      | Killed Sigmund
  3170 | D:3      | Reached skill level 6 in Maces & Flails
  3170 | D:3      | Reached XP level 5. HP: 12/40 MP: 2/2
  3620 | D:3      | Noticed an ice beast
  3659 | D:3      | Slain by an ice beast

Action                   |  1- 3 |  4- 6 || total
-------------------------+-------+-------++-------
Melee: Mace              |   118 |    84 ||   202
  Use: Scroll            |       |     4 ||     4
       Potion            |       |     4 ||     4
  Eat: Chunk             |     3 |       ||     3
       Bread ration      |     1 |       ||     1
